 Dungeon Crawl Stone Soup version bcrawl-1.38.3 (webtiles) character file.

Game seed: 15397115619844386192

121046 Morbidden the Sneak (level 5, 15/30 HPs)
             Began as a Skeleton Archaeologist on July 3, 2023.
             Quit the game on level 3 of the Dungeon.
             The game lasted 00:03:23 (3017 turns).

Morbidden the Sneak (Skeleton Archaeologist)        Turns: 3017, Time: 00:03:24

Health: 15/30      AC:  6    Str: 17 (18) XL:     5   Next: 7%
Magic:  5/7        EV: 12    Int: 13      God:
Gold:   272        SH:  0    Dex:  4 (7)  Spells: 7/7 levels left

rFire    . . .     GDR:     17% a - +2 great mace (speed)
rCold    + . .     SeeInvis .   (shield currently unavailable)
rNeg     + + +     Gourm    .   c - +1 robe
rPois    ∞         Faith    .   d - +1 hat
rElec    .         Spirit   +   (no cloak)
rCorr    .         Reflect  .   (no gloves)
MR       .....                  e - +1 pair of boots
Stlth    +.........             (no amulet)
HPRegen  0.15/turn              (no ring)
MPRegen  0.10/turn              (no ring)

@: very slow
A: no food or potions, cold resistance 1, deterioration 1, negative energy
resistance 3, torment resistance, unbreathing, magic shield, sturdy frame 1,
spell healing
a: no special abilities


You were on level 3 of the Dungeon.
You were not hungry.

You visited 1 branch of the dungeon, and saw 3 of its levels.

You collected 272 gold pieces.

Inventory:

Hand Weapons
 a - a +2 great mace of speed (weapon)
 b - a +0 blowgun
Missiles
 f - 6 curare-tipped needles
 o - 56 poisoned tomahawks (quivered)
Armour
 c - a +1 robe (worn)
 d - a +1 hat (worn)
 e - a +1 pair of boots (worn)
Scrolls
 g - a scroll of magic mapping
 i - 8 scrolls of identify
 j - 3 scrolls of remove curse {unknown}
 k - 2 scrolls of fog {unknown}
 l - a scroll of fear {unknown}
 m - 3 scrolls of teleportation {unknown}
 n - 2 scrolls of blinking {unknown}
 p - a scroll of amnesia {unknown}


   Skills:
 * Level 2.0 Fighting
 * Level 2.0 Maces & Flails
   Level 1.0 Polearms
 * Level 2.0 Armour
 * Level 4.0 Dodging
 + Level 4.0 Stealth
 * Level 1.8 Spellcasting


You had 7 spell levels left.
You didn't know any spells.
Your spell library was empty.

Dungeon Overview and Level Annotations

Branches:
Dungeon (3/12)

Altars:


Innate Abilities, Weirdness & Mutations

You do not eat or drink.
You are immune to poison.
Your flesh is cold resistant. (rC+)
Your body sometimes deteriorates upon taking damage.
You are immune to negative energy. (rN+++)
You are immune to unholy pain and torment.
You can survive without breathing.
When hurt, damage is shared between your health and your magic reserves.
Your movements are slightly less encumbered by armour. (ER -2)
Casting spells heals you.


Message History

The adder bites you. The adder misses you.
No path to travel!
No path to travel!
Your unstable footing causes you to fumble your attack.
The adder closely misses you.
No path to travel!
You closely miss the adder. The adder bites you.
The adder bites you but does no damage.
You are too injured to fight recklessly!
No path to travel!
You are too injured to fight recklessly!
No path to travel!
Your unstable footing causes you to fumble your attack.
The adder barely misses you. x2
You closely miss the adder. The adder barely misses you.
Your unstable footing causes you to fumble your attack.
The adder bites you but does no damage. The adder bites you.
You bludgeon the adder!!
You kill the adder!
Are you sure you want to abandon this character and quit the game? (Confirm with "yes".)

#............##.....
#...................
#..######...........
#..# ##'##....... #.
+P #♣≈≈# ..... #
#≈♣#♣≈♣♣†# ..#
♣≈♣≈♣# ≈# #♣#♣≈≈≈♣
♣# #@♣#♣≈♣≈♣
#≈♣♣)♣#♣≈# #♣†≈♣# ≈+
#'## # .... ###...
#####


There were no monsters in sight!

Vanquished Creatures
  A worker ant (D:3)
  4 adders
  2 oozes
  3 worms
  A dart slug (D:2)
  2 leopard geckos
  3 orcs (D:2)
  3 ball pythons
  3 giant cockroaches
  7 goblins
  9 hobgoblins
  5 jackals
  10 kobolds
  5 frilled lizards
  5 rats
63 creatures vanquished.

Notes
Turn   | Place    | Note
-------+----------+-------------------------------------------
     0 | D:1      | Morbidden the Skeleton Archaeologist began the quest for
                  | the Orb.
     0 | D:1      | Reached XP level 1. HP: 12/12 MP: 1/1
   217 | D:1      | Reached XP level 2. HP: 16/16 MP: 2/2
   723 | D:1      | Reached skill level 1 in Spellcasting
   725 | D:1      | Reached skill level 1 in Armour
   725 | D:1      | Reached XP level 3. HP: 16/20 MP: 1/4
  2142 | D:2      | Reached XP level 4. HP: 5/26 MP: 2/5
  2925 | D:3      | Reached skill level 1 in Polearms
  2991 | D:3      | Reached XP level 5. HP: 30/30 MP: 7/7
  2991 | D:3      | Identified a scroll of acquirement
  2991 | D:3      | Identified the ring of Duty {Ice rPois Str+4 Int+4} (You
                  | acquired it on level 3 of the Dungeon)
  3017 | D:3      | Quit the game

Skill      XL: |  1  2  3  4 |
---------------+-------------+-----
Spellcasting   | 1 |  1.8
Armour         | 1 2 |  2.0
Maces & Flails | 2 |  2.0
Stealth        | 4 |  4.0
Fighting       | 2 |  2.0
Dodging        | 4 |  4.0
Polearms       | 1 |  1.0

Action                   |  1- 3 |  4- 6 || total
-------------------------+-------+-------++-------
Melee: Whip              |   248 |     9 ||   257
       Trident           |       |    89 ||    89
       Great mace        |       |    17 ||    17
  Use: Scroll            |       |     1 ||     1
 Stab: Sleeping          |     6 |     4 ||    10
Armor: Robe              |    91 |    47 ||   138
Dodge: Dodged            |   184 |   126 ||   310
